 Dungeon Crawl Stone Soup version 0.31-a0-188-g5e087ee2ca (webtiles) character file.

Game seed: 18296523530477818734

60 qw the Shooter (level 3, 0/20 HPs)
             Began as a Deep Elf Hunter on June 23, 2023.
             Succumbed to their own poison gas
             ... on level 2 of the Dungeon.
             The game lasted 00:00:28 (1104 turns).

qw the Shooter (Deep Elf Hunter)                    Turns: 1104, Time: 00:00:29

Health: 0/20       AC:  9    Str: 10    XL:     3   Next: 82%
Magic:  5/5        EV: 11    Int: 13    God:
Gold:   108        SH:  0    Dex: 18    Spells: 2/2 levels left

rFire   . . .        j - +0 shortbow (heavy)
rCold   . . .        (shield currently unavailable)
rNeg    . . .        g - +0 ring mail
rPois   .            (no helmet)
rElec   .            (no cloak)
rCorr   .            (no gloves)
SInv    .            (no boots)
Will    .....        (no amulet)
Stlth   +            i - +4 ring of protection
HPRegen 0.23/turn    (no ring)
MPRegen 0.09/turn

%: no passive effects
@: lethally poisoned (0 -> -1)
A: no striking features
a: no special abilities


You were on level 2 of the Dungeon.
You visited 1 branch of the dungeon, and saw 2 of its levels.

You collected 108 gold pieces.


   Skills:
 - Level 1.5 Fighting
 + Level 7.3 Ranged Weapons
 - Level 2.4 Dodging
 - Level 1.2 Stealth


You had 2 spell levels left.
You didn't know any spells.
Your spell library was empty.

Inventory:

Hand Weapons
 j - a +0 heavy shortbow (weapon)
Armour
 g - a +0 ring mail (worn)
Jewellery
 f - a ring of ice
 i - a +4 ring of protection (left hand)
Scrolls
 d - a scroll of identify
Potions
 a - a potion of heal wounds {unknown}
 c - a potion of haste {unknown}
 e - a potion of cancellation
 h - a potion of curing {unknown}

Dungeon Overview and Level Annotations

Branches:
Dungeon (2/15)

Altars:


Message History

Done exploring.
1094 ||| READING scroll labelled KESOMNEQAG.
The air fills with toxic fumes!
As you read the scroll labelled KESOMNEQAG, it crumbles to dust.
It was a scroll of poison.
Done exploring.
(D) Dungeon
Where to? (* - list waypoints, Enter - D:2, ? - help)
What level of the Dungeon? (default 1, ? - help) Sorry, I don't know how to get there.
Enter note:
Enter note:
Enter note:
Enter note:
Enter note:
Enter note:
Enter note:
Enter note:
Enter note: Really walk into that cloud of poison gas?
You are engulfed in poison gas.
You are poisoned.
You feel very sick.
1096 ||| Stepping ~*~*~tactically~*~*~ (cloud).
You feel very sick.
There is a lethal amount of poison in your body!
You feel sick.
There is a lethal amount of poison in your body!
You feel sick.
There is a lethal amount of poison in your body!
You feel sick.
There is a lethal amount of poison in your body!
You feel sick.
There is a lethal amount of poison in your body!
You feel sick.
There is a lethal amount of poison in your body!
You feel sick.
There is a lethal amount of poison in your body!
You feel sick.
There is a lethal amount of poison in your body!
You die...

.P.....# ##...>7.7
..77...# #0¤¤0.7¤7
777.##.# #000¤000#
77.....#######¤0.0¤0¤#
.##......##..0000¤0¤##
.##.<..#....##¤¤¤.¤¤0#
#........#####00¤¤0¤¤#
..##.#.####.¤¤¤¤0.¤¤0#
>.............#0@0¤0##
#........#.##.##000##
#..........#..######
....###.###..##
.#...##.....##
...#.##..####
####.#..## ####.#..##
.........########


There were no monsters in sight!

Vanquished Creatures
  An adder (D:2)
  A worm (D:2)
  2 dart slugs (D:2)
  3 endoplasms (D:1)
  5 goblins
  A hobgoblin (D:2)
  4 jackals (D:1)
  2 quokkas (D:1)
  3 ball pythons
  4 bats
  5 frilled lizards
  7 kobolds
  5 rats
43 creatures vanquished.

Notes
Turn   | Place    | Note
-------+----------+-------------------------------------------
     0 | D:1      | qw the Deep Elf Hunter began the quest for the Orb.
     0 | D:1      | Reached XP level 1. HP: 12/12 MP: 3/3
     0 | D:1      | 0 ||| qw: Version: 0.3-a-9-g12657ce
     0 | D:1      | 0 ||| qw: Game counter: 3356
     0 | D:1      | 0 ||| qw: Always use a shield: true
     0 | D:1      | 0 ||| qw: God list: Okawaru
     0 | D:1      | 0 ||| qw: Allow faded altars: false
     0 | D:1      | 0 ||| qw: Do Orc after D:15 true
     0 | D:1      | 0 ||| qw: Do second Lair branch before Depths: true
     0 | D:1      | 0 ||| qw: Lair rune preference: random
     0 | D:1      | 0 ||| qw: Plans: Normal
     0 | D:1      | 0 ||| PLANNING D:1-11
    90 | D:1      | Reached XP level 2. HP: 16/16 MP: 4/4
   112 | D:1      | Reached skill level 6 in Ranged Weapons
   264 | D:1      | Found a faded altar of an unknown god.
   478 | D:1      | Reached XP level 3. HP: 20/20 MP: 5/5
   601 | D:1      | 601 ||| UPGRADING to +0 ring mail.
   611 | D:1      | 611 ||| DROPPING +0 leather armour.
   612 | D:1      | 612 ||| UPGRADING to +4 ring of protection.
   613 | D:1      | 613 ||| READING scroll labelled NYOLOS CU NUNOICK.
   614 | D:1      | 614 ||| READING scroll labelled QYPPIK VUELEENWE.
   615 | D:1      | 615 ||| READING scroll labelled XITO JASADEG.
   616 | D:1      | 616 ||| READING scroll labelled BARHEN XUSI.
   617 | D:1      | 617 ||| DRINKING 2 pink potions.
   618 | D:1      | 618 ||| DROPPING scroll of butterflies.
   708 | D:2      | 708 ||| FLEEEEING.
   725 | D:2      | Reached skill level 7 in Ranged Weapons
  1093 | D:2      | 1093 ||| READING scroll labelled XAUSTOLOSAX.
  1094 | D:2      | 1094 ||| READING scroll labelled KESOMNEQAG.
  1096 | D:2      | 1096 ||| Stepping ~*~*~tactically~*~*~ (cloud).
  1098 | D:2      | HP: 5/20 [poisoned by you (poison gas)]
  1101 | D:2      | HP: 2/20 [poisoned by you (poison gas)]
  1104 | D:2      | Succumbed to their own poison gas

Levels and vault maps discovered:
D:1:      lightli_arrival_lavapool, layout_basic,
          dreamdust_ecumenical_altar_angels_and_demons, minmay_misc_feat_rows,
          st_stairs_9
D:2:      layout_rooms, serial_forest, infiniplex_forest_corner_1,
          infiniplex_forest_straight_3, infiniplex_forest_clump_small,
          infiniplex_forest_lined_ring, infiniplex_forest_zigzag_1,
          infiniplex_forest_3_way, infiniplex_forest_lined_4_way,
          infiniplex_forest_straight_2

Skill      XL: |  1  2  3 |
---------------+----------+-----
Ranged Weapons | 6 7 |  7.3
Fighting       | |  1.5
Dodging        | |  2.4
Stealth        | |  1.2

Action                     || total
---------------------------++-------
   Fire: Shortbow          ||    89
    Use: Scroll            ||     6
         Potion            ||     1
 Armour: Leather armour    ||     2
         Ring mail         ||     3
  Dodge: Dodged            ||     9

Table legend:
 A = Non-vault XP
 B = Vault XP
 C = Vault XP percentage of total XP
 D = Non-vault monster count
 E = Vault monster count
 F = Vault count percentage of total count
                 A         B        C        D         E       F
            +---------+---------+-------+---------+---------+-------
      Total |      84 |       3 |   3.4 |      41 |       2 |   4.7
            +---------+---------+-------+---------+---------+-------
        D:1 |      39 |       3 |   7.1 |      24 |       2 |   7.7
        D:2 |      45 |       0 |   0.0 |      17 |       0 |   0.0
            +---------+---------+-------+---------+---------+-------
